 Dungeon Crawl Stone Soup version 0.27.1 (webtiles) character file.

Game seed: 17002201737089299925

3526 pkoi the Grappler (level 9, -11/84 HPs)
             Began as a Troll Hunter on Aug 24, 2021.
             Was a Believer of Dithmenos.
             Mangled by a catoblepas (29 damage)
             ... on level 8 of the Dungeon.
             The game lasted 00:11:30 (5870 turns).

pkoi the Grappler (Troll Hunter)                    Turns: 5870, Time: 00:11:31

Health: -11/84     AC:  6    Str: 27    XL:     9   Next: 82%
Magic:  8/8        EV: 10    Int:  7    God:    Dithmenos [**....]
Gold:   1124       SH:  5    Dex: 10    Spells: 8/8 levels left

rFire    . . .     SeeInvis .     - Unarmed
rCold    . . .     Faith    .   (no shield)
rNeg     + . .     Spirit   .   a - +0 robe
rPois    .         Reflect  +   (helmet restricted)
rElec    .         Harm     .   w - +1 cloak of the Stonemason {rN+ Str+2}
rCorr    .         Rampage  .   (gloves unavailable)
Will     .....                  (boots unavailable)
Stlth    ++........             f - amulet of reflection
HPRegen  1.24/turn              u - +4 ring of slaying
MPRegen  0.11/turn              (no ring)

@: wreathed by umbra
A: large, unfitting armour, claws 3, regeneration 1, shaggy fur 1, tough skin 1
a: Renounce Religion, Shadow Step


You were on level 8 of the Dungeon.
You worshipped Dithmenos.
Dithmenos was pleased with you.
You visited 2 branches of the dungeon, and saw 9 of its levels.
You also visited: Sewer.

You collected 1323 gold pieces.
You spent 199 gold pieces at shops.

Inventory:

Missiles
 b - 3 large rocks (quivered)
 d - 2 throwing nets
 j - 8 boomerangs
 n - 5 curare-tipped darts
Armour
 a - a +0 robe (worn)
 w - the +1 cloak of the Stonemason (worn) {rN+ Str+2}
   (You bought it in a shop on level 7 of the Dungeon)

   Str:       It affects your strength (+2).
   rN:        It protects you from negative energy.
Jewellery
 f - an amulet of reflection (around neck)
 g - an amulet of guardian spirit
 o - an amulet of the acrobat
 t - a ring of fire
 u - a +4 ring of slaying (left claw)
Wands
 h - a wand of paralysis (3)
 r - a wand of polymorph (7)
 x - a wand of iceblast (8)
 z - a wand of flame (12)
Scrolls
 e - 3 scrolls of identify
 l - a scroll of summoning
 m - 2 scrolls of teleportation
 y - a scroll of fear
 A - a scroll of magic mapping
Potions
 c - 2 potions of flight
 i - a potion of resistance
 k - 3 potions of cancellation
 p - 5 potions of curing
 q - 2 potions of heal wounds
 s - a potion of berserk rage
 v - a potion of brilliance {unknown}


   Skills:
 + Level 4.2 Fighting
 + Level 7.5 Throwing
 + Level 4.2 Dodging
 + Level 2.9 Stealth
 + Level 8.8 Unarmed Combat


You had 8 spell levels left.
You didn't know any spells.
Your spell library contained the following spells:

 Spells                   Type           Power      Damage    Failure   Level
 Animate Skeleton         Necr           0%         N/A       43%         1
 Pain                     Necr           0%         1d4       43%         1
 Sandblast                Erth           0%         2d4       43%         1
 Passwall                 Tmut/Erth      0%         N/A       56%         2
 Ozocubu's Armour         Ice            0%         N/A       80%         3
 Summon Guardian Golem    Hex/Summ       0%         N/A       80%         3
 Vampiric Draining        Necr           0%         2d6       80%         3
 Petrify                  Tmut/Erth      0%         N/A       99%         4
 Agony                    Necr           0%         N/A       100%        5
 Excruciating Wounds      Necr           0%         N/A       100%        5
 Lee's Rapid Deconstruct  Erth           0%         3d5*      100%        5
 Metabolic Englaciation   Hex/Ice        0%         N/A       100%        5
 Statue Form              Tmut/Erth      0%         N/A       100%        6
 Orb of Destruction       Conj           0%         N/A       100%        7
 Ozocubu's Refrigeration  Ice            0%         4d5       100%        7
 Spellforged Servitor     Conj/Summ      0%         N/A       100%        7


Dungeon Overview and Level Annotations

Branches:
Dungeon (8/15)             Temple (1/1) D:5           Sewer (visited)
   Lair: D:8-11

Altars:
Ashenzari
Cheibriados
Dithmenos
Fedhas
Gozag
Hepliaklqana
Kikubaaqudgha
Makhleb
Nemelex Xobeh
Qazlal
Ru
Sif Muna
Trog
Uskayaw
Wu Jian

Shops:
D:7 [


Innate Abilities, Weirdness & Mutations

You are too large for most types of armour.
You have claws for hands.
Your natural rate of healing is unusually fast.
You are covered in fur. (AC +1)
You have tough skin. (AC +1)


Message History

The catoblepas breathes a plume of calcifying dust at you.
The blast of calcifying dust hits you!
The catoblepas breathes a plume of calcifying dust at you.
The blast of calcifying dust hits you but does no damage.
Throw: 5 large rocks
Press: ? - help, Q - select action, (/) - cycle Shift-Dir - straight line, f - catoblepas
Aim: a catoblepas (calcifying dust, 91% to hit)
You throw a large rock. The large rock hits the catoblepas!!
The catoblepas is heavily wounded.
Unknown command.
Throw: 4 large rocks
Press: ? - help, Q - select action, (/) - cycle Shift-Dir - straight line, f/p - catoblepas
Aim: a catoblepas (calcifying dust, heavily wounded, umbra, 91% to hit)
You throw a large rock. The large rock hits the catoblepas!
The catoblepas is heavily wounded.
The catoblepas breathes a plume of calcifying dust at you.
The blast of calcifying dust hits you.
Unknown command.
The catoblepas gores you!!
* * * LOW HITPOINT WARNING * * *
You claw the catoblepas! x2
The catoblepas is severely wounded.
The catoblepas barely misses you.
Unknown command.
You scratch the catoblepas but do no damage.
The catoblepas is severely wounded.
You barely miss the catoblepas.
The catoblepas is severely wounded.
The catoblepas gores you!!
* * * LOW HITPOINT WARNING * * *
You claw the catoblepas!
The catoblepas is almost dead.
The catoblepas closely misses you.
You scratch the catoblepas but do no damage.
The catoblepas is almost dead.
You block the catoblepas's attack.
You scratch the catoblepas but do no damage.
The catoblepas is almost dead.
The catoblepas gores you!!
You die...

#...# #.....# ##... #...#
###...###### .. ###..##
##.)........##.. ###...#
###<..............
.##...####.)............(.#
..#...#..................#
#.......................# .
###.......#......Y.....# o.
#..##..###....@.(...## #...
##..###..##.......(.##
##.z... #<.##
##.##...##....####))....#
#.## ##.#...###..#.))Yo#
#.# ##...#.......##### ###
#############


You could see a catoblepas.

Vanquished Creatures
  Sigmund (D:6)
  3 yaks (D:7)
  A water moccasin (D:6)
  An orc warrior (D:6)
  An ice beast (D:3)
  A sky beast (D:6)
  An ogre (D:5)
  A necrophage (D:7)
  2 centaurs (D:8)
  4 phantoms
  A kobold brigand (D:8)
  5 bullfrogs
  A water moccasin zombie (D:6)
  2 scorpions
  11 wights
  A howler monkey (D:6)
  A bullfrog zombie (D:5)
  2 centaur zombies
  An orc priest (D:7)
  A bullfrog skeleton (D:6)
  A hound (D:4)
  2 jellies
  4 iguanas
  Natasha (thrice) (D:3)
  6 orc wizards
  A hound skeleton (D:2)
  A gnoll (D:1)
  15 adders
  2 shadow imps
  2 white imps
  An ufetubus (D:4)
  An adder zombie (D:5)
  4 worms
  4 dart slugs
  10 orcs
  A bat skeleton (D:2)
  A bat zombie (D:2)
  5 endoplasms
  14 giant cockroaches
  10 goblins
  10 hobgoblins
  8 kobolds
  2 quokkas
  11 ball pythons
  8 bats
  7 frilled lizards
  A quokka zombie (D:2)
  7 rats
184 creatures vanquished.

Vanquished Creatures (collateral kills)
  An adder (D:2)
  A bat (D:2)
2 creatures vanquished.

Vanquished Creatures (others)
  2 kobolds (D:8)
2 creatures vanquished.

Grand Total: 188 creatures vanquished

Notes
Turn   | Place    | Note
-------+----------+-------------------------------------------
     0 | D:1      | pkoi the Troll Hunter began the quest for the Orb.
     0 | D:1      | Reached XP level 1. HP: 19/19 MP: 0/0
    98 | D:1      | Reached skill level 1 in Unarmed Combat
   129 | D:1      | Reached XP level 2. HP: 27/27 MP: 1/1
   196 | D:1      | Reached skill level 2 in Unarmed Combat
   276 | D:1      | Reached XP level 3. HP: 33/33 MP: 2/2
   788 | D:2      | Reached skill level 3 in Unarmed Combat
   788 | D:2      | Reached XP level 4. HP: 39/41 MP: 3/3
   932 | D:2      | Reached XP level 5. HP: 18/48 MP: 0/4
  1129 | D:2      | Reached skill level 4 in Unarmed Combat
  1394 | D:3      | Found a bloodstained altar of Trog.
  1394 | D:3      | Noticed Natasha
  1402 | D:3      | Killed Natasha
  1497 | D:3      | Noticed Natasha
  1500 | D:3      | Killed Natasha
  1662 | D:3      | Noticed Natasha
  1668 | D:3      | Killed Natasha
  1669 | D:3      | Reached XP level 6. HP: 55/55 MP: 5/5
  1790 | D:3      | Noticed an ice beast
  1792 | D:3      | Killed an ice beast
  1793 | D:3      | Reached skill level 5 in Throwing
  1793 | D:3      | Reached skill level 5 in Unarmed Combat
  2037 | D:4      | Reached XP level 7. HP: 62/62 MP: 6/6
  2089 | D:4      | Reached skill level 6 in Unarmed Combat
  2390 | D:5      | Entered Level 5 of the Dungeon
  2438 | D:5      | Found a staircase to the Ecumenical Temple.
  2515 | Temple   | Entered the Ecumenical Temple
  2730 | Temple   | Became a worshipper of Dithmenos the Shadowed
  2777 | D:5      | Identified a scroll of acquirement
  2777 | D:5      | Acquired 938 gold pieces
  2820 | D:5      | Reached skill level 7 in Unarmed Combat
  2850 | D:5      | Identified the +1 leather armour of Good Intentions {rPois
                  | Stlth+}
  3414 | D:6      | Reached XP level 8. HP: 72/72 MP: 4/7
  3513 | D:6      | Reached skill level 1 in Stealth
  3534 | D:6      | Found a glowing drain.
  3545 | Sewer    | Entered a sewer
  3656 | Sewer    | Reached * piety under Dithmenos
  4330 | D:6      | Noticed Sigmund
  4332 | D:6      | Killed Sigmund
  4333 | D:6      | Reached skill level 8 in Unarmed Combat
  4473 | D:7      | Reached XP level 9. HP: 76/81 MP: 6/8
  4638 | D:7      | Found Ragrirue's Antique Armour Boutique.
  4656 | D:7      | Bought a translucent cloak for 199 gold pieces
  4656 | D:7      | Identified the +1 cloak of the Stonemason {rN+ Str+2} (You
                  | bought it in a shop on level 7 of the Dungeon)
  4811 | D:7      | Reached ** piety under Dithmenos
  5252 | D:8      | Noticed a catoblepas
  5870 | D:8      | Mangled by a catoblepas

Illustrated notes

Levels and vault maps discovered:
D:1:      dpeg_arrival_pits, layout_loops_ring, serial_glass, glass_columns_a,
          glass_columns_b, glass_columns_a, glass_columns_a, glass_columns_a,
          glass_columns_a, glass_columns_a, glass_columns_b
D:2:      layout_rooms, serial_undead, serial_undead_d, serial_undead_f,
          serial_undead_b, serial_undead_e
D:3:      layout_rooms, mainiacjoe_overflow_catwalk, uniq_natasha
D:4:      layout_basic
D:5:      layout_loops_ring, minmay_temple_entry_junction, grunt_decor_fettered
D:6:      layout_loops_ring, portal_sewer_entry_d, uniq_sigmund
D:7:      layout_cave_pools, serial_shops, shop
D:8:      layout_layer_cave, zin_statuary, minmay_ruined_shrine
Temple:   eino_temple_water

Skill      XL: |  1  2  3  4  5  6  7  8  9 |
---------------+----------------------------+-----
Unarmed Combat | 1 2 3 4 5 7 8 |  8.8
Throwing       | 4 5 6 7 |  7.5
Fighting       | 3 4 |  4.2
Dodging        | 3 4 |  4.2
Stealth        | 2 |  2.9

Action                   |  1- 3 |  4- 6 |  7- 9 || total
-------------------------+-------+-------+-------++-------
Melee: Unarmed           |   105 |   128 |   248 ||   481
       Punch             |       |     2 |    14 ||    16
Throw: Large rock        |       |    14 |     8 ||    22
  Use: Scroll            |       |     4 |    16 ||    20
       Potion            |       |       |     2 ||     2
 Stab: Sleeping          |       |     1 |     1 ||     2
       Distracted        |       |     1 |       ||     1
       Petrified         |       |       |     3 ||     3
Armor: Robe              |    60 |    39 |    50 ||   149
Dodge: Dodged            |    52 |    50 |    90 ||   192
Block: Other             |       |       |    24 ||    24
       Reflection        |       |       |     2 ||     2
